 Dungeon Crawl Stone Soup version 0.32-a0-995-gb4a59205af (webtiles) character file.

Game seed: 1336539087463287766

108 Emyrixl the Magician (level 4, -4/32 HPs)
             Began as a Human Hedge Wizard on Apr 22, 2024.
             Was an Initiate of Beogh.
             Slain by Grinder (5 damage)
             ... while paralysed by Grinder
             ... on level 3 of the Dungeon.
             The game lasted 00:10:19 (1619 turns).

Emyrixl the Magician (Human Hedge Wizard)           Turns: 1619, Time: 00:10:20

Health: -4/32      AC:  8    Str: 11    XL:     4   Next: 87%
Magic:  9/9        EV:  2    Int: 16    God:    Beogh [......]
Gold:   141        SH:  0    Dex: 12    Spells: 3/10 levels left

rFire   . . .        e - +4 mace
rCold   . . .        l - +0 kite shield
rNeg    . . .        m - +0 ring mail
rPois   .            n - +0 helmet
rElec   .            (no cloak)
rCorr   .            (no gloves)
SInv    .            h - +1 pair of boots
Will    .....        (no amulet)
Stlth   +            (no ring)
HPRegen 0.25/turn    (no ring)
MPRegen 0.11/turn

%: no passive effects
@: paralysed, brilliant
A: explore regen
a: Renounce Religion


You were on level 3 of the Dungeon.
You worshipped Beogh.
Beogh was noncommittal.
You visited 1 branch of the dungeon, and saw 3 of its levels.

You collected 141 gold pieces.

Inventory:

Hand Weapons
 a - a +0 dagger
 e - a +4 mace (weapon)
 o - a +0 sling
 p - a +1 dagger of draining
Armour
 b - a +0 robe
 c - a +0 hat
 f - a +0 leather armour
 h - a +1 pair of boots (worn)
 i - a +0 barding
 j - a +0 robe
 l - a +0 kite shield (worn)
 m - a +0 ring mail (worn)
 n - a +0 helmet (worn)
Talismans
 g - a beast talisman
Potions
 d - a potion of magic
 q - a potion of attraction {unknown}
 r - a potion of cancellation {unknown}


   Skills:
 + Level 1.1 Fighting
 + Level 1.4 Maces & Flails
 + Level 0.6 Armour
 + Level 2.4 Dodging
 + Level 2.0 Stealth
 * Level 3.5 Spellcasting
 * Level 1.8 Conjurations
 * Level 1.3 Summonings
 * Level 1.6 Translocations
 + Level 0.1 Earth Magic


You had 3 spell levels left.
You knew the following spells:

 Your Spells              Type           Power      Damage    Failure   Level
a - Magic Dart            Conj           52%        1d5       69%         1
b - Call Imp              Summ           20%        N/A       88%         2
c - Sandblast             Erth           8%         2d5       91%         1
d - Blink                 Tloc           24%        N/A       86%         2
e - Apportation           Tloc           24%        N/A       73%         1

Your spell library contained the following spells:

 Spells                   Type           Power      Damage    Failure   Level
 Slow                     Hex            16%        N/A       91%         1
 Cigotuvi's Dreadful Rot  Necr/Alch/Air  8%         N/A       97%         2
 Jinxbite                 Hex            8%         N/A       97%         2
 Mephitic Cloud           Conj/Alch/Air  7%         N/A       99%         3
 Passwall                 Erth           4%         N/A       99%         3
 Stone Arrow              Conj/Erth      18%        3d8       99%         3
 Alistair's Intoxication  Alch           2%         N/A       100%        5


Dungeon Overview and Level Annotations

Branches:
Dungeon (3/15)

Altars:

Shops:
D:2 :   D:3 ?

Annotations:
D:3 Grinder


Innate Abilities, Weirdness & Mutations

You regain HP and MP as you explore.


Message History

An adder comes into view.
The adder hisses angrily.
The orc hits Grinder but does no damage.
Grinder hits the orc!
The orc dies!
Grinder gestures at you.
You barely resist. Grinder gestures at you.
You suddenly lose the ability to move!
You can move again.
You block Grinder's attack.
You hit Grinder.
Grinder is heavily wounded.
The adder bites you but does no damage. You block the adder's attack.
Grinder barely misses you. The adder bites you but does no damage.
You thump Grinder!
Grinder is severely wounded.
Grinder hits you.
You writhe in agony.
The adder closely misses you. Grinder gestures at you.
You suddenly lose the ability to move!
The adder bites you but does no damage. Grinder hits you!
The adder bites you but does no damage. x2
Grinder gestures at you. Pain shoots through your body!
* * * LOW HITPOINT WARNING * * *
You can move again.
You feel clever all of a sudden. You block the adder's attack.
You block Grinder's attack. The adder bites you but does no damage.
Unknown command.
You barely miss Grinder.
Grinder is severely wounded.
The adder bites you but does no damage. Grinder hits you but does no damage.
The adder bites you but does no damage. Grinder gestures at you.
You suddenly lose the ability to move!
The adder barely misses you. Grinder hits you!
* * * LOW HITPOINT WARNING * * *
You writhe in agony.
You die...
Grinder says, "Now the real fun starts!"

#.......# #.......# .#
#...)...# #.#
#.......# ..
#...<...##.#
###o#####..# ##..#
##.#####..
######..#####.........
.$.....†..)5@S.# #..
!.....(.).####.# ..
.........?# #.#.#
...>...§..# #...#
!.....J.### #...##
......... .......
#...................
....?..#######.######
#.#


You could see Grinder and an adder.

Vanquished Creatures
  4 adders (D:2)
  A gnoll (D:2)
  3 dart slugs
  An orc (D:3)
  2 ball pythons
  An endoplasm (D:2)
  3 giant cockroaches (D:2)
  5 goblins
  4 hobgoblins
  8 jackals
  8 bats
  3 frilled lizards
  5 kobolds
  7 rats
55 creatures vanquished.

Vanquished Creatures (collateral kills)
  An endoplasm (D:1)
1 creature vanquished.

Vanquished Creatures (others)
  2 orcs (D:3)
  An endoplasm (D:3)
3 creatures vanquished.

Grand Total: 59 creatures vanquished

Notes
Turn   | Place    | Note
-------+----------+-------------------------------------------
     0 | D:1      | Emyrixl the Human Hedge Wizard began the quest for the Orb.
     0 | D:1      | Reached XP level 1. HP: 13/13 MP: 4/4
   167 | D:1      | Reached XP level 2. HP: 19/19 MP: 4/6
   168 | D:1      | Found a faded altar of an unknown god.
   254 | D:1      | Learned a level 2 spell: Call Imp
   291 | D:1      | Learned a level 1 spell: Sandblast
   294 | D:1      | Learned a level 2 spell: Blink
   378 | D:1      | Reached XP level 3. HP: 20/24 MP: 7/7
   901 | D:2      | Reached skill level 1 in Fighting
  1039 | D:2      | Reached XP level 4. HP: 26/32 MP: 9/9
  1293 | D:2      | Reached skill level 1 in Maces & Flails
  1397 | D:2      | Learned a level 1 spell: Apportation
  1451 | D:2      | Found Ruxib's Book Shop.
  1580 | D:3      | Found Poam's Magic Scroll Shoppe.
  1589 | D:3      | Noticed Grinder
  1599 | D:3      | Became a worshipper of Beogh the Shepherd
  1609 | D:3      | Paralysed by Grinder for 3 turns
  1614 | D:3      | Paralysed by Grinder for 3 turns
  1618 | D:3      | Paralysed by Grinder for 3 turns
  1619 | D:3      | HP: 1/32 [Grinder (7)]
  1619 | D:3      | Slain by Grinder

Illustrated notes

Levels and vault maps discovered:
D:1:      dpeg_arrival_rhombus, layout_loops_ring,
          hellmonk_ecumenical_altar_pennies_from_heaven
D:2:      minmay_chambers_of_twos, layout_basic, serial_shops, shop
D:3:      layout_rooms, lemuel_crystal_altar, serial_shops, shop, uniq_natasha,
          uniq_grinder

Skill      XL: |  1  2  3  4 |
---------------+-------------+-----
Fighting       | 1 |  1.1
Maces & Flails | 1 |  1.4
Armour         | |  0.6
Dodging        | |  2.4
Stealth        | |  2.0
Spellcasting   | |  3.5
Conjurations   | |  1.8
Summonings     | |  1.3
Translocations | |  1.6
Earth Magic    | |  0.1

Action                     |  1- 3 |  4- 6 || total
---------------------------+-------+-------++-------
  Melee: Dagger            |    22 |       ||    22
         Mace              |    56 |    38 ||    94
   Cast: Magic Dart        |    10 |       ||    10
         Sandblast         |    11 |       ||    11
         Call Imp          |     1 |       ||     1
 Invoke: Convert to Beogh  |       |     1 ||     1
    Use: Potion            |     1 |     1 ||     2
         Scroll            |       |     1 ||     1
   Stab: Sleeping          |     1 |       ||     1
 Armour: Robe              |    67 |       ||    67
         Ring mail         |       |    38 ||    38
  Dodge: Dodged            |    86 |    15 ||   101
  Block: Kite shield       |       |    21 ||    21

Table legend: (Time is in decaauts)
 A = Elapsed time spent in this place.
 B = Non-inter-level travel time spent in this place.
 C = Inter-level travel time spent in this place.
 D = Time resting spent in this place.
 E = Time spent auto-exploring this place.
 F = Levels seen in this place.
 G = Mean time per level.
                   A        B        C        D        E       F      G
               +--------+--------+--------+--------+--------+-----+--------+
         Total |   1668 |   1668 |      0 |      0 |    465 |   3 |  556.0 |
       Dungeon |   1668 |   1668 |      0 |      0 |    465 |   3 |  556.0 |
               +--------+--------+--------+--------+--------+-----+--------+

Top non-repeatable levels by time:
     D:1: 885 daAuts
     D:2: 737 daAuts
     D:3: 45 daAuts
